 Dungeon Crawl Stone Soup version 0.29-a0-322-g68df515428 (webtiles) character file.

Game seed: 1825475010207611531

1199 oblizorion1 the Poker (level 8, -1/69 HPs)
             Began as a Hill Orc Fighter on Apr 8, 2022.
             Was a Follower of Dithmenos.
             Succumbed to a killer bee's poison
             ... on level 7 of the Dungeon.
             The game lasted 00:19:04 (5278 turns).

oblizorion1 the Poker (Hill Orc Fighter)            Turns: 5278, Time: 00:19:05

Health: -1/69      AC: 10    Str: 21    XL:     8   Next: 44%
Magic:  8/8        EV:  9    Int:  8    God:    Dithmenos [*.....]
Gold:   253        SH: 11    Dex: 10    Spells: 7/7 levels left

rFire   . . .      SeeInvis +   a - +0 trident
rCold   . . .      Faith    .   c - +1 buckler
rNeg    . . .      Spirit   .   b - +0 scale mail
rPois   .          Reflect  +   (no helmet)
rElec   .          Harm     .   y - +0 cloak
rCorr   .          Rampage  .   (no gloves)
Will    .....                   f - +0 pair of boots
Stlth   ..........              o - amulet of reflection
HPRegen 0.21/turn               x - ring of see invisible
MPRegen 0.11/turn               (no ring)

@: mighty, lethally poisoned (-1 -> -7), wreathed by umbra
A: no striking features
a: Renounce Religion


You were on level 7 of the Dungeon.
You worshipped Dithmenos.
Dithmenos was aware of your devotion.
You visited 1 branch of the dungeon, and saw 5 of its levels.
You also visited: Sewer.

You collected 253 gold pieces.

Inventory:

Hand Weapons
 a - a +0 trident (weapon)
 e - a +0 hand axe
 t - a +2 vorpal quarterstaff
Missiles
 s - 2 poisoned darts
 w - 3 atropa-tipped darts (quivered)
Armour
 b - a +0 scale mail (worn)
 c - a +1 buckler (worn)
 f - a +0 pair of boots (worn)
 y - a +0 cloak (worn)
Magical Staves
 g - a staff of death
 n - a staff of fire
Jewellery
 o - an amulet of reflection (around neck)
 x - a ring of see invisible (left hand)
Wands
 i - a wand of digging (6)
Scrolls
 h - a scroll of blinking
 m - a scroll of magic mapping
 p - 3 scrolls of fear
 q - a scroll of fog
 u - a scroll of silence
Potions
 k - a potion of berserk rage
 r - a potion of haste {unknown}
 v - a potion of magic {unknown}
 z - a potion of curing {unknown}


   Skills:
 + Level 5.4 Fighting
 + Level 7.2 Polearms
 + Level 0.8 Throwing
 + Level 5.8 Armour
 + Level 1.4 Dodging
 + Level 1.2 Stealth
 + Level 5.3 Shields


You had 7 spell levels left.
You didn't know any spells.
Your spell library contained the following spells:

 Spells                   Type           Power      Damage    Failure   Level
 Call Canine Familiar     Summ           0%         N/A       99%         3
 Portal Projectile        Hex/Tloc       0%         N/A       99%         3
 Summon Guardian Golem    Hex/Summ       0%         N/A       99%         3
 Leda's Liquefaction      Hex/Erth       0%         N/A       100%        4
 Orb of Destruction       Conj           0%         9d5       100%        7
 Spellforged Servitor     Conj/Summ      0%         N/A       100%        7


Dungeon Overview and Level Annotations

Branches:
Dungeon (4/15)             Temple (0/1) D:7           Sewer (visited)

Altars:
Dithmenos
Kikubaaqudgha
Okawaru
Ru

Shops:
D:1 *


Message History

You block the killer bee's attack.
You barely miss the killer bee.
The killer bee is heavily wounded.
You feel sick. The killer bee closely misses you.
The killer bee stings you but does no damage.
The killer bee misses you. You block the killer bee's attack.
You miss the killer bee.
The killer bee is heavily wounded.
You feel sick. The killer bee stings you.
* * * LOW HITPOINT WARNING * * *
The killer bee completely misses you. The killer bee closely misses you.
The killer bee barely misses you.
You hit the killer bee.
The killer bee is almost dead.
You feel sick. The killer bee barely misses you. The killer bee misses you.
You block the killer bee's attack. x2
You miss the killer bee.
The killer bee is almost dead.
You feel sick. You block the killer bee's attack.
The killer bee closely misses you.
The killer bee stings you but does no damage.
The killer bee stings you.
* * * LOW HITPOINT WARNING * * *
You closely miss the killer bee.
You feel sick.
You are no longer poisoned.
You block the killer bee's attack. The killer bee stings you.
* * * LOW HITPOINT WARNING * * *
You are lethally poisoned!
The killer bee poisons you!
The killer bee stings you but does no damage.
The killer bee closely misses you.
You puncture the killer bee!
The killer bee is heavily wounded.
* * * LOW HITPOINT WARNING * * *
You feel very sick.
The killer bee stings you but does no damage. x2
The killer bee barely misses you. You block the killer bee's attack.
You hit the killer bee.
The killer bee is severely wounded.
You die...

#.....# #...).#(.#
#.....#..#........
#)....#..#.<......
#.....#..#......?.
#.....#..#........
#.....#..#........ #####
#.....#yy#.....≈≈≈
......#.....#@##.....≈≈#
......'..............≈≈#
+######..............≈≈+
.....>............≈≈+
..............####.≈≈+
...............# ≈≈#
...............# ≈#
...............### ≈
########.(.......#


You could see 2 killer bees.

Vanquished Creatures
  2 ice beasts (D:7)
  A black bear (D:4)
  A centaur (D:7)
  A scorpion (D:4)
  3 necrophages
  A killer bee (D:7)
  A howler monkey (D:7)
  A human zombie (D:4)
  A bullfrog zombie (D:4)
  A centaur zombie (D:4)
  A hound (D:4)
  An orc priest (D:4)
  3 iguanas (D:4)
  An orc wizard (D:4)
  3 mummies (D:4)
  2 hound zombies (D:4)
  4 gnolls (D:4)
  4 adders
  A white imp (D:3)
  2 adder zombies (D:4)
  A worm (D:3)
  3 dart slugs
  5 orcs
  9 ball pythons
  9 endoplasms
  8 giant cockroaches
  9 hobgoblins
  2 jackals (D:3)
  10 kobolds
  6 quokkas
  A bat (D:1)
  A frilled lizard (D:1)
  7 goblins
  7 rats
113 creatures vanquished.

Notes
Turn   | Place    | Note
-------+----------+-------------------------------------------
     0 | D:1      | oblizorion1 the Hill Orc Fighter began the quest for the
                  | Orb.
     0 | D:1      | Reached XP level 1. HP: 19/19 MP: 1/1
   477 | D:1      | Reached XP level 2. HP: 25/27 MP: 2/2
  1091 | D:1      | Found Uquoplunwe's General Store.
  1417 | D:2      | Reached XP level 3. HP: 31/33 MP: 3/3
  2088 | D:3      | Reached skill level 3 in Polearms
  2196 | D:3      | Reached XP level 4. HP: 39/40 MP: 4/4
  2300 | D:3      | Found a glowing drain.
  2328 | Sewer    | Entered a sewer
  2490 | D:3      | Found an iron altar of Okawaru.
  3182 | D:3      | Reached XP level 5. HP: 45/46 MP: 5/5
  3319 | D:4      | Reached skill level 4 in Polearms
  3426 | D:4      | Found an ancient bone altar of Kikubaaqudgha.
  3446 | D:4      | Reached XP level 6. HP: 40/53 MP: 6/6
  3603 | D:4      | Reached skill level 5 in Polearms
  3745 | D:4      | Reached skill level 1 in Dodging
  3745 | D:4      | Reached XP level 7. HP: 44/60 MP: 7/7
  3829 | D:4      | Reached skill level 5 in Armour
  3881 | D:4      | Found a shadowy altar of Dithmenos.
  3886 | D:4      | Became a worshipper of Dithmenos the Shadowed
  3906 | D:4      | Reached skill level 5 in Fighting
  4200 | D:4      | Reached skill level 6 in Polearms
  4445 | D:4      | Found a sacrificial altar of Ru.
  4666 | D:4      | Reached * piety under Dithmenos
  4684 | D:4      | You fall into a shaft and drop 3 floors!
  4686 | D:7      | Found a staircase to the Ecumenical Temple.
  4700 | D:7      | Reached skill level 5 in Shields
  4700 | D:7      | Reached XP level 8. HP: 35/68 MP: 8/8
  5046 | D:7      | Reached skill level 1 in Stealth
  5059 | D:7      | Reached skill level 7 in Polearms
  5277 | D:7      | HP: 1/69 [poisoned by a killer bee]
  5278 | D:7      | Succumbed to a killer bee's poison

Illustrated notes

Levels and vault maps discovered:
D:1:      dpeg_arrival_snail, layout_loops_corners, serial_shops,
          nicolae_lakefront_shop
D:2:      layout_loops_ring
D:3:      minmay_bubble_buster, layout_loops_ring,
          mainiacjoe_overflow_tiny_flanked, gup_sewer_entry_bubbles
D:4:      layout_loops_ring, lemuel_mausoleum_altar_kikubaaqudgha,
          kennysheep_little_box, nicolae_ru_great_annihilating_truth
D:7:      layout_gridville, minmay_temple_entry_grid, enter_bailey_4,
          chequers_serial_rivers_room_b

Skill      XL: |  1  2  3  4  5  6  7  8 |
---------------+-------------------------+-----
Fighting       | 4 5 |  5.4
Armour         | 4 5 |  5.8
Polearms       | 3 4 5 6 7 |  7.2
Shields        | 4 5 |  5.3
Dodging        | 1 |  1.4
Stealth        | 1 |  1.2
Throwing       | |  0.8

Action                   |  1- 3 |  4- 6 |  7- 9 || total
-------------------------+-------+-------+-------++-------
Melee: Trident           |   116 |   264 |   206 ||   586
Throw: Dart              |       |     4 |    17 ||    21
  Use: Scroll            |     1 |       |     8 ||     9
       Potion            |       |       |     1 ||     1
 Stab: Invisible         |       |       |     2 ||     2
       Paralysed         |       |       |     2 ||     2
Armor: Scale mail        |    41 |    81 |    95 ||   217
Dodge: Dodged            |    49 |    59 |    71 ||   179
Block: Buckler           |    22 |    84 |   101 ||   207
       Reflection        |       |       |     2 ||     2

Table legend: (Time is in decaauts)
 A = Elapsed time spent in this place.
 B = Non-inter-level travel time spent in this place.
 C = Inter-level travel time spent in this place.
 D = Time resting spent in this place.
 E = Time spent auto-exploring this place.
 F = Levels seen in this place.
 G = Mean time per level.
                   A        B        C        D        E       F      G
               +--------+--------+--------+--------+--------+-----+--------+
         Total |   5370 |   5189 |    181 |   1571 |   1768 |   6 |  895.0 |
       Dungeon |   5297 |   5116 |    181 |   1541 |   1768 |   5 | 1059.4 |
         Sewer |     73 |     73 |      0 |     30 |      0 |   1 |   73.0 |
               +--------+--------+--------+--------+--------+-----+--------+

Top non-repeatable levels by time:
     D:4: 1428 daAuts
     D:1: 1287 daAuts
     D:3: 1275 daAuts
     D:2: 712 daAuts
     D:7: 593 daAuts
   Sewer: 73 daAuts
